 Dungeon Crawl Stone Soup version 0.17-a0-1481-gfdcec5c (webtiles) character file.

8334 Fluffy the Envoy of Void (level 11, -3/87 HPs)
             Began as a Demonspawn Abyssal Knight on July 4, 2015.
             Was a High Priest of Lugonu.
             Shot with a bolt by a yaktaur (10 damage)
             ... on level 10 of the Dungeon.
             The game lasted 00:25:50 (8689 turns).

Fluffy the Envoy of Void (DsAK)                     Turns: 8689, Time: 00:25:52

Health: -3/87      AC: 22    Str: 18    XL:     11   Next: 8%
Magic:  17/18      EV:  4    Int: 15    God:    Lugonu [*****.]
Gold:   450        SH: 14    Dex: 12    Spells: 0 memorised, 10 levels left

rFire  . . .     SeeInvis +     y - +11 morningstar "Eos" {elec, -Tele rElec SInv}
rCold  + . .     Clarity  .     l - +1 plate armour {rC+}
rNeg   . . .     SustAt   .     h - +2 shield
rPois  +         Gourm    .     E - +0 helmet
rElec  +         Spirit   .     K - +0 cloak
rCorr  .         Warding  .     j - +0 pair of gloves
rMut   .         NoTele   +     C - +1 pair of boots
MR     .....                    (no amulet)
Stlth  ..........               J - ring of poison resistance
                                s - +3 ring of strength

@: not resistant to hostile enchantments, extremely unstealthy
A: hooves 2, large bone plates 1, demonic guardian 1, spiny 2
a: Depart the Abyss, Bend Space, Banish, Corrupt, Enter the Abyss, Renounce
Religion


You were on level 10 of the Dungeon.
You worshipped Lugonu.
Lugonu was extremely pleased with you.
You were not hungry.

You visited 1 branch of the dungeon, and saw 10 of its levels.
You visited the Abyss 1 time.

You collected 450 gold pieces.

Inventory:

Hand weapons
 y - the +11 morningstar "Eos" (weapon) {elec, -Tele rElec SInv}
   (You found it on level 4 of the Dungeon)

   Occasionally, upon striking a foe, it will discharge some electrical energy
   and cause terrible harm.
   It insulates you from electricity.
   It lets you see invisible.
   It prevents most forms of teleportation.
 F - a +1 war axe of flaming
 R - a +1 hand axe of electrocution
Armour
 h - a +2 shield (worn)
 j - a +0 pair of gloves (worn)
 l - a +1 plate armour of cold resistance (worn)
 n - an ice dragon hide
 C - a +1 pair of boots (worn)
 E - a +0 helmet (worn)
 K - a +0 cloak (worn)
 Q - a +2 chain mail of poison resistance
Jewellery
 s - a +3 ring of strength (left hand)
 u - an uncursed amulet of resist mutation
 J - a ring of poison resistance (right hand)
Magical devices
 o - a wand of cold (7)
 v - a wand of flame (39)
 x - a wand of random effects (37)
 A - a wand of slowing (25)
 N - a wand of paralysis (16)
Scrolls
 a - 3 scrolls of teleportation
 k - 6 scrolls of remove curse
 p - a scroll of amnesia
 r - a scroll of blinking
 t - 2 scrolls of enchant weapon
 w - 3 scrolls of magic mapping
 M - a scroll of fog
 O - 2 scrolls of fear
 S - a scroll of recharging
Potions
 b - a potion of resistance
 d - a potion of ambrosia
 e - 2 potions of heal wounds
 g - a potion of curing
 i - a potion of cancellation
 q - a potion of flight
 G - a potion of magic
 H - a potion of haste
 I - a potion of cure mutation
 L - a potion of agility
Comestibles
 c - 6 bread rations
 f - 2 royal jellies
 m - 10 beef jerkies
 z - 8 fruits
 B - 2 meat rations
 D - a slice of pizza


   Skills:
 + Level 8.5 Fighting
 + Level 7.1 Axes
 + Level 7.2 Armour
 - Level 1.0 Dodging
 + Level 7.0 Shields
 + Level 10.3 Invocations


You had 10 spell levels left.
You didn't know any spells.

Dungeon Overview and Level Annotations

Branches:
Dungeon (10/15)            Temple (0/1) D:4            Lair (0/8) D:8
    Orc (0/4) D:9

Altars:
Dithmenos
Gozag
Makhleb
Nemelex Xobeh
Okawaru
Qazlal
Ru
Sif Muna
Vehumet
Yredelemnul
Zin

Shops:
D:3 *   D:10 [


Innate Abilities, Weirdness & Mutations

You have hoof-like feet.
You are partially covered in large bone plates (AC +2, SH +2).
A weak demonic guardian rushes to your aid.
You are mostly covered in sharp spines.


Message History

You sock the yaktaur!
The yaktaur is moderately wounded.
You block the yaktaur's attack.
Your plate armour prevents you from hitting the yaktaur.
The yaktaur is moderately wounded.
The yaktaur is struck by your spines. The yaktaur hits you.
* * * LOW HITPOINT WARNING * * *
The yaktaur unwields an uncursed arbalest.
The yaktaur is struck by your spines. The yaktaur hits you!
* * * LOW HITPOINT WARNING * * *
Use which ability? (? or * to list)
Okay, then.
Unknown command.
Use which ability? (? or * to list) Space bends sharply around you!
You blink.
* * * LOW HITPOINT WARNING * * *
You feel slightly more hungry.
The yaktaur wields an uncursed arbalest.
The yaktaur shoots a bolt.
The bolt hits you!
You die...

#.. #...###....##.....#
.#..##...###...........##
...........#.......##...
...................#.....
#... ..####............#...#
..c. ### #....######.....#
c.c. ## #....# #...5# ..#
.#####....#######..§## #..##
....##..........@..c.###
##....
#........†.........c...###.(#
####..######.............((#
##.## ##.............## #..##
##..##....###.# #...##
#..###.......# # ###..# ####
##...###.# # #### ##### ## #


You could see 2 yaktaurs and a friendly white imp.

Vanquished Creatures
  The ghost of Pikaro the Protected, an experienced HuAr of Gozag (D:9)
  A hill giant (D:10)
  Pikel (D:4)
  A wyvern (D:9)
  Sigmund (D:4)
  Eustachio (D:5)
  8 yaks
  A warg (D:9)
  Edmund (D:4)
  A sky beast (D:6)
  Duvessa (D:4)
  A slave (D:4)
  5 ogres
  4 orc warriors
  An ice beast (D:7)
  2 water moccasins
  3 phantoms
  A black bear (D:10)
  4 centaurs
  A necrophage (D:9)
  A big kobold (D:7)
  Dowan (D:4)
  7 giant frogs
  A scorpion (D:8)
  16 wights
  2 crimson imps (D:9)
  2 jellies (D:10)
  A centaur zombie (D:6)
  A giant frog zombie (D:7)
  7 hounds
  4 orc priests
  3 iguanas
  2 centaur skeletons
  4 worker ants
  2 giant frog skeletons
  15 orc wizards
  2 hound skeletons
  13 adders
  3 shadow imps
  An adder skeleton (D:4)
  3 worms
  4 giant geckos
  32 orcs
  2 ball pythons (D:3)
  19 bats
  A bat skeleton (D:7)
  A bat zombie (D:6)
  19 hobgoblins
  19 jackals
  2 quokkas
  8 giant cockroaches
  5 giant newts
  11 goblins
  A jackal skeleton (D:4)
  26 kobolds
  16 rats
297 creatures vanquished.

Vanquished Creatures (collateral kills)
  A yaktaur (D:10)
  A big kobold (D:10)
  An orc priest (D:7)
  A worker ant (D:5)
  2 orcs
  A goblin (D:7)
7 creatures vanquished.

Vanquished Creatures (others)
  A slave (D:4)
  An adder (D:4)
  A giant newt (D:4)
  2 rats (D:4)
5 creatures vanquished.

Grand Total: 309 creatures vanquished

Notes
Turn   | Place    | Note
--------------------------------------------------------------
     0 | Abyss:1  | Fluffy the Demonspawn Abyssal Knight began the quest for the Orb.
     0 | Abyss:1  | Reached XP level 1. HP: 18/18 MP: 2/2
     1 | Abyss:1  | Found a corrupted altar of Lugonu.
     5 | Abyss:1  | Found a corrupted altar of Lugonu.
    38 | Abyss:1  | Noticed a bone dragon
    56 | Abyss:1  | Noticed a bone dragon
    78 | Abyss:1  | Found a corrupted altar of Lugonu.
    78 | Abyss:1  | Noticed a raiju
    78 | Abyss:1  | Noticed a raiju
    81 | D:1      | Escaped the Abyss
   279 | D:1      | Reached skill level 1 in Dodging
   339 | D:1      | Acquired Lugonu's first power
   452 | D:1      | Gained mutation: You have large cloven feet. [demonic ancestry]
   452 | D:1      | Reached XP level 2. HP: 22/24 MP: 4/4
  1161 | D:1      | Gained mutation: You are partially covered in large bone plates (AC +2, SH +2). [demonic ancestry]
  1161 | D:1      | Reached XP level 3. HP: 29/29 MP: 5/5
  1188 | D:2      | Found an iron altar of Okawaru.
  1426 | D:2      | Found a basalt altar of Yredelemnul.
  2166 | D:3      | Acquired Lugonu's second power
  2217 | D:3      | Reached XP level 4. HP: 35/35 MP: 6/6
  2342 | D:3      | Found a glowing silver altar of Zin.
  2342 | D:3      | Found Zin's Purification Station.
  2470 | D:3      | Reached skill level 4 in Invocations
  2477 | D:3      | Found a sacrificial altar of Ru.
  2571 | D:3      | Reached skill level 1 in Shields
  3070 | D:3      | Found a deep blue altar of Sif Muna.
  3152 | D:4      | Noticed Duvessa
  3153 | D:4      | Noticed Dowan
  3176 | D:4      | Killed Duvessa
  3176 | D:4      | Gained mutation: You are partially covered in sharp spines. [demonic ancestry]
  3176 | D:4      | Reached XP level 5. HP: 34/42 MP: 8/8
  3243 | D:4      | Killed Dowan
  3243 | D:4      | Reached XP level 6. HP: 41/48 MP: 9/9
  3388 | D:4      | Noticed Sigmund
  3396 | D:4      | Killed Sigmund
  3396 | D:4      | Reached skill level 5 in Invocations
  3541 | D:4      | Found a staircase to the Ecumenical Temple.
  3552 | D:4      | Noticed a slave
  3560 | D:4      | Killed a slave
  3562 | D:4      | Noticed a slave
  3563 | D:4      | Noticed Pikel
  3565 | D:4      | Noticed a slave
  3572 | D:4      | Noticed a slave
  3575 | D:4      | Killed Pikel
  3575 | D:4      | Reached skill level 5 in Fighting
  3575 | D:4      | Reached skill level 6 in Invocations
  3575 | D:4      | Gained mutation: A weak demonic guardian rushes to your aid. [demonic ancestry]
  3575 | D:4      | Reached XP level 7. HP: 30/56 MP: 9/11
  3753 | D:4      | Noticed an ogre
  3757 | D:4      | Killed an ogre
  3757 | D:4      | Reached XP level 8. HP: 38/62 MP: 12/12
  4003 | D:4      | Noticed Edmund
  4008 | D:4      | Killed Edmund
  4040 | D:4      | Found an opulent altar of Gozag.
  4074 | D:4      | Noticed a phantom
  4096 | D:4      | Killed a phantom
  4293 | D:4      | Killed a freed slave
  4374 | D:4      | Acquired Lugonu's third power
  4462 | D:5      | Entered Level 5 of the Dungeon
  4471 | D:5      | Reached skill level 7 in Invocations
  4567 | D:5      | Found a sparkling altar of Nemelex Xobeh.
  4707 | D:5      | Reached skill level 5 in Armour
  4763 | D:5      | Noticed Eustachio
  4768 | D:5      | Killed Eustachio
  4920 | D:6      | Acquired Lugonu's fourth power
  4959 | D:6      | Gained mutation: You have hoof-like feet. [demonic ancestry]
  4959 | D:6      | Reached XP level 9. HP: 69/69 MP: 14/14
  4964 | D:6      | Reached skill level 5 in Axes
  5343 | D:6      | Found a stormy altar of Qazlal.
  5691 | D:7      | Reached skill level 8 in Invocations
  5730 | D:7      | Reached skill level 5 in Shields
  5976 | D:7      | Found a deep blue altar of Sif Muna.
  5998 | D:7      | Acquired Lugonu's fifth power
  6008 | D:7      | Found a shadowy altar of Dithmenos.
  6580 | D:7      | Gained mutation: You are mostly covered in sharp spines. [demonic ancestry]
  6580 | D:7      | Reached XP level 10. HP: 79/79 MP: 16/16
  6932 | D:8      | Found a staircase to the Lair.
  6955 | D:8      | Reached skill level 9 in Invocations
  7292 | D:9      | Found a radiant altar of Vehumet.
  7490 | D:9      | Noticed Pikaro's ghost (experienced HuAr)
  7707 | D:9      | Killed Pikaro's ghost
  7782 | D:9      | Found a staircase to the Orcish Mines.
  8124 | D:9      | Reached skill level 10 in Invocations
  8267 | D:9      | Found a burning altar of Makhleb.
  8403 | D:10     | Entered Level 10 of the Dungeon
  8403 | D:10     | Noticed a hill giant
  8406 | D:10     | Killed a hill giant
  8407 | D:10     | Reached XP level 11. HP: 66/87 MP: 18/18
  8414 | D:10     | Found Ehahuv's Antique Armour Shoppe.
  8689 | D:10     | Shot with a bolt by a yaktaur

Vault maps used:
D:1:      lemuel_arrival_hallway
D:2:      okawaru_metal_pillars_1_2, old_standard_altar, serial_bayou_lagoon_b
D:3:      zin_purify, nicolae_ru_the_path_less_chosen, lemuel_blue_sif_altar,
          first_bread
D:4:      grunt_gozag_breadcrumbs, minmay_temple_entry_metal_lava,
          kennysheep_diamond, corexii_corridor_pit, uniq_sigmund, uniq_edmund,
          uniq_duvessa, uniq_pikel
D:5:      nemelex_xobeh_ov_fountains_minmay, uniq_eustachio
D:6:      grunt_qazlal_clouds
D:7:      lemuel_crystal_altar, basic_altar, grunt_ogre_cave
D:8:      lair_0_dummy
D:9:      lemuel_doored_altar, makhleb_blood_cavern_becter, erik_orc_4
D:10:     serial_shops, nicolae_shop_waterfront, shop_statue, shop, shop,
          uniq_josephine, uniq_maurice

Action                   |  1- 3 |  4- 6 |  7- 9 | 10-12 || total
-------------------------+-------+-------+-------+-------++-------
Melee: Hand axe          |   165 |    86 |       |       ||   251
       Morningstar       |       |    13 |   223 |   207 ||   443
Invok: Depart the Abyss  |     1 |       |       |       ||     1
       Bend Space        |       |       |       |     1 ||     1
  Use: Scroll            |     7 |     2 |     9 |     4 ||    22
 Stab: Distracted        |       |       |     1 |       ||     1
  Eat: Chunk             |     5 |     4 |    10 |     7 ||    26
